 Dungeon Crawl Stone Soup version 0.30-a0-43-gbbf338a72c (webtiles) character file.

Game seed: 12236873623577723406

11 LnG the Trooper (level 2, -2/27 HPs)
             Began as a Hill Orc Fighter on Aug 31, 2022.
             Slain by a gnoll
             ... wielding a +1 halberd of distortion
              (13 damage)
             ... on level 2 of the Dungeon.
             The game lasted 00:02:08 (545 turns).

LnG the Trooper (Hill Orc Fighter)                   Turns: 545, Time: 00:02:09

Health: -2/27      AC:  8    Str: 18    XL:     2   Next: 25%
Magic:  2/2        EV:  9    Int:  8    God:
Gold:   45         SH:  4    Dex: 10    Spells: 1/1 levels left

rFire   . . .      SeeInvis .    a - +0 war axe
rCold   . . .      Faith    .    c - +0 buckler
rNeg    . . .      Spirit   .    b - +0 scale mail
rPois   .          Reflect  .    (no helmet)
rElec   .          Harm     .    (no cloak)
rCorr   .          Rampage  .    i - +0 pair of gloves
Will    .....                    (no boots)
Stlth   ..........               (no amulet)
HPRegen 0.09/turn                (no ring)
MPRegen 0.08/turn                (no ring)

@: no status effects
A: no striking features
a: no special abilities


You were on level 2 of the Dungeon.
You visited 1 branch of the dungeon, and saw 2 of its levels.

You collected 45 gold pieces.

Inventory:

Hand Weapons
 a - a +0 war axe (weapon)
Armour
 b - a +0 scale mail (worn)
 c - a +0 buckler (worn)
 i - a +0 pair of gloves (worn)
Scrolls
 g - a scroll of immolation {unknown}
 h - a scroll of torment {unknown}
Potions
 d - a potion of might
 e - a potion of cancellation
 f - a potion of flight {unknown}
 j - a potion of degeneration {unknown}


   Skills:
 + Level 3.8 Fighting
 + Level 2.8 Axes
 + Level 3.6 Armour
 + Level 3.4 Shields


You had one spell level left.
You didn't know any spells.
Your spell library contained the following spells:

 Spells                   Type           Power      Damage    Failure   Level
 Portal Projectile        Hex/Tloc       0%         N/A       99%         3
 Tukima's Dance           Hex            0%         N/A       99%         3
 Blade Hands              Tmut           0%         N/A       100%        5


Dungeon Overview and Level Annotations

Branches:
Dungeon (2/15)

Altars:


Message History

There is a stone staircase leading down here.
Why would you want to do that?
Found a pair of gloves.
Found a scroll labelled BOWYSHR PEYSMA.
You now have 39 gold pieces (gained 15).
A giant cockroach comes into view.
Found a stone staircase leading down.
You see here a scroll labelled TUTIW HITIXT.
Found a purple potion.
The giant cockroach barely misses you.
You see here a +0 pair of gloves.
You hit the giant cockroach.
You kill the giant cockroach!
No target in view!
g - a scroll labelled TUTIW HITIXT You see here a +0 pair of gloves.
Found 6 gold pieces.
h - a scroll labelled BOWYSHR PEYSMA You see here a +0 pair of gloves.
i - a +0 pair of gloves You start putting on your armour.
You continue putting on your +0 pair of gloves. x4
You finish putting on your +0 pair of gloves.
An endoplasm comes into view.
The endoplasm quivers.
You slash the endoplasm!
You kill the endoplasm!
j - a purple potion You now have 45 gold pieces (gained 6).
There is a stone staircase leading down here.
There is a stone staircase leading down here.
You climb downwards.
The gnoll shouts!
The gnoll hits you with a +1 halberd of distortion.
Space warps around you. The gnoll barely misses you.
The gnoll hits you but does no damage.
There is a stone staircase leading up here.
Unknown command.
The gnoll hits you with a +1 halberd of distortion!
Space warps horribly around you!
You die...

### ..# #.#
#.#
####.#####.#
#...gg.....#
#@# #.# .g#
####


You could see 3 gnolls.

Vanquished Creatures
  A ball python (D:1)
  2 endoplasms (D:1)
  A giant cockroach (D:1)
  2 hobgoblins (D:1)
  A quokka (D:1)
  2 kobolds (D:1)
9 creatures vanquished.

Notes
Turn   | Place    | Note
-------+----------+-------------------------------------------
     0 | D:1      | LnG the Hill Orc Fighter began the quest for the Orb.
     0 | D:1      | Reached XP level 1. HP: 19/19 MP: 1/1
   342 | D:1      | Reached XP level 2. HP: 22/27 MP: 2/2
   545 | D:2      | Slain by a gnoll

Illustrated notes

Levels and vault maps discovered:
D:1:      dpeg_arrival_round_b, layout_basic, grunt_decor_junction,
          glass_columns_b, minmay_lizard_king
D:2:      layout_loops_corners, st_stairs_6

Action                   || total
-------------------------++-------
Melee: War axe           ||    21
  Use: Scroll            ||     3
Armor: Scale mail        ||     7
Dodge: Dodged            ||     7
Block: Buckler           ||     4

Table legend: (Time is in decaauts)
 A = Elapsed time spent in this place.
 B = Non-inter-level travel time spent in this place.
 C = Inter-level travel time spent in this place.
 D = Time resting spent in this place.
 E = Time spent auto-exploring this place.
 F = Levels seen in this place.
 G = Mean time per level.
                   A        B        C        D        E       F      G
               +--------+--------+--------+--------+--------+-----+--------+
         Total |    554 |    544 |     10 |    230 |     26 |   2 |  277.0 |
       Dungeon |    554 |    544 |     10 |    230 |     26 |   2 |  277.0 |
               +--------+--------+--------+--------+--------+-----+--------+

Top non-repeatable levels by time:
     D:1: 549 daAuts
     D:2: 5 daAuts
